 Dungeon Crawl Stone Soup version 0.26-a0-808-g930a2b7adc (webtiles) character file.

Game seed: 9669106822941547728

25 Morbidden the Grave Robber (level 2, -4/20 HPs)
             Began as a Demonspawn Necromancer on Nov 12, 2020.
             Slain by an orc warrior
             ... wielding a +0 hand axe
              (17 damage)
             ... on level 2 of the Dungeon.
             The game lasted 00:01:45 (1238 turns).

Morbidden the Grave Robber (Demonspawn Necromancer) Turns: 1238, Time: 00:01:45

Health: -4/20      AC:  2    Str: 14    XL:     2   Next: 86%
Magic:  0/5        EV: 12    Int: 16    God:
Gold:   72         SH:  0    Dex: 13    Spells: 4/5 levels left

rFire    . . .     SeeInvis .   b - +0 dagger
rCold    . . .     Faith    .   (no shield)
rNeg     . . .     Spirit   .   a - +0 robe
rPois    .         Reflect  .   (no helmet)
rElec    .         Harm     .   (no cloak)
rCorr    .         Rampage  .   (no gloves)
MR       .....                  (no boots)
Stlth    ++........             (no amulet)
HPRegen  0.06/turn              g - +6 ring of strength
MPRegen  0.09/turn              (no ring)

@: no status effects
A: rot immunity
a: no special abilities


You were on level 2 of the Dungeon.
You visited 1 branch of the dungeon, and saw 2 of its levels.

You collected 72 gold pieces.

Inventory:

Hand Weapons
 b - a +0 dagger (weapon)
Armour
 a - a +0 robe (worn)
Jewellery
 g - a +6 ring of strength (left hand)
Scrolls
 c - a scroll of remove curse {unknown}
 d - a scroll of immolation {unknown}
 e - a scroll of amnesia {unknown}
 i - 2 scrolls of teleportation {unknown}
 k - a scroll of identify {unknown}
Potions
 f - 2 potions of haste {unknown}
 h - 2 potions of heal wounds {unknown}
 j - a potion of curing {unknown}


   Skills:
 * Level 0.9 Fighting
 + Level 1.7 Dodging
 + Level 1.7 Stealth
 * Level 2.3 Spellcasting
 + Level 5.0 Necromancy


You had 4 spell levels left.
You knew the following spells:

 Your Spells              Type           Power        Failure   Level
a - Pain                  Necr           ###.         2%          1

Your spell library contained the following spells:

 Spells                   Type           Power        Failure   Level
 Animate Skeleton         Necr           ###...       2%          1
 Vampiric Draining        Necr           ###.......   8%          3
 Animate Dead             Necr           ###.......   26%         4
 Agony                    Necr           ###.....     56%         5


Dungeon Overview and Level Annotations

Branches:
Dungeon (2/15)

Altars:


Innate Abilities, Weirdness & Mutations

You are immune to rotting.


Message History

Casting: Pain (safe; 2% risk of failure)
Confirm with . or Enter, or press ? or * to list all spells.
Aiming: Pain (safe; 2% risk of failure)
Press: ? - help, Shift-Dir - straight line, f/p - orc wizard
Aim: an orc wizard, wielding a +0 dagger and wearing a +0 robe (severely wounded, chance to defeat MR: 76%)
The orc wizard writhes in agony.
The orc wizard closely misses you.
Unknown command.
You barely miss the orc wizard.
The orc wizard is almost dead.
The orc wizard completely misses you.
Unknown command.
You hit the orc wizard but do no damage.
The orc wizard is almost dead.
The orc wizard barely misses you. The orc warrior barely misses you.
You closely miss the orc wizard.
The orc wizard is almost dead.
The orc wizard hits you with a +0 dagger.
The orc warrior hits you with a +0 hand axe!
Ouch! That really hurt!
You die...

#############
#...........#
#.#########>#
#.# #.# #.#
#.############
#<#
#...o@o.o.....
#)#
##############
#.# #.# #.#
#.# #.# #.#


You could see an orc warrior and 2 orc wizards.

Vanquished Creatures
  2 leopard geckos (D:1)
  5 bats (D:1)
  A giant cockroach (D:1)
  4 goblins
  5 hobgoblins (D:1)
  A kobold (D:1)
  3 rats (D:1)
21 creatures vanquished.

Notes
Turn   | Place    | Note
-------+----------+-------------------------------------------
     0 | D:1      | Morbidden the Demonspawn Necromancer began the quest for
                  | the Orb.
     0 | D:1      | Reached XP level 1. HP: 13/13 MP: 3/3
   428 | D:1      | Gained mutation: You are immune to rotting. [demonic
                  | ancestry]
   428 | D:1      | Reached XP level 2. HP: 14/20 MP: 1/5
  1096 | D:1      | Reached skill level 5 in Necromancy
  1229 | D:2      | Noticed an orc warrior
  1238 | D:2      | Slain by an orc warrior

Illustrated notes

Levels and vault maps discovered:
D:1:      minmay_arrival_doors, layout_rooms, minmay_misc_feat_secret_circle
D:2:      layout_loops_ring, st_stairs_5, minmay_misc_feat_room

Skill      XL: |  1  2 |
---------------+-------+-----
Necromancy     | 5 |  5.0
Fighting       | |  0.9
Dodging        | |  1.7
Stealth        | |  1.7
Spellcasting   | |  2.3

Action                   || total
-------------------------++-------
Melee: Dagger            ||    19
 Cast: Pain              ||    45
Armor: Robe              ||    11
Dodge: Dodged            ||    37

Table legend: (Time is in decaauts)
 A = Elapsed time spent in this place.
 B = Non-inter-level travel time spent in this place.
 C = Inter-level travel time spent in this place.
 D = Time resting spent in this place.
 E = Time spent auto-exploring this place.
 F = Levels seen in this place.
 G = Mean time per level.
                   A        B        C        D        E       F      G
               +--------+--------+--------+--------+--------+-----+--------+
         Total |   1237 |   1217 |     20 |     34 |   1010 |   2 |  618.5 |
       Dungeon |   1237 |   1217 |     20 |     34 |   1010 |   2 |  618.5 |
               +--------+--------+--------+--------+--------+-----+--------+

Top non-repeatable levels by time:
     D:1: 1102 daAuts
     D:2: 135 daAuts
